[Event "Turkish Cup 2022"]
[Site "Sakarya"]
[Date "2022.03.25"]
[Round "1.30"]
[White "Yavuz, Efe Metehan"]
[Black "Gargili, Kemal"]
[Result "1-0"]
[ECO "E14"]
[WhiteElo "2054"]
[BlackElo "1348"]
[Annotator "NA"]
[PlyCount "109"]
[EventDate "2022.03.25"]
[EventType "swiss"]
[EventCountry "TUR"]
[SourceTitle "playchess.com"]
[Source "ChessBase"]
[SourceQuality "1"]
[TimeControl "5400+30"]

1. b3 d5 2. Bb2 e6 3. Nf3 Nf6 4. e3 Be7 5. c4 O-O 6. Be2 b6 7. O-O Bb7 8. Nc3 Nbd7 9. d4 c5 10. cxd5 Nxd5 11. Nxd5 Bxd5 12. Rc1 Bf6 13. Ba3 Be7 14. Bb2 Bf6 15. Qd2 Bb7 16. Rfd1 Rc8 17. Ba3 Be7 18. dxc5 Nxc5 19. Qe1 Qe8 20. Bb2 Ne4 21. Nd4 Rxc1 22. Rxc1 Qb8 23. Nc6 Bxc6 24. Rxc6 Qb7 25. Rc2 Nd6 26. Qa1 Rc8 27. Rxc8+ Qxc8 28. Bxg7 Qc2 29. Qb2 Qxb2 30. Bxb2 f5 31. Be5 Kf7 32. f3 Ne8 33. Kf2 Nf6 34. Bc4 Nd7 35. Bg3 Bf6 36. Bb5 Ke7 37. Ke2 Ne5 38. Be1 a5 39. h3 Nd7 40. g4 h6 41. Bg3 Be5 42. Bh4+ Bf6 43. Bg3 Be5 44. Bf2 Bc7 45. Bh4+ Nf6 46. Bc4 Be5 47. f4 Bc3 48. Kd3 Bb4 49. Kc2 Bc5 50. g5 hxg5 51. fxg5 Nh5 52. g6+ Kd6 53. Bg5 f4 54. Bxf4+ Nxf4 55. g7 1-0

[Event "Turkish Cup 2022"]
[Site "Sakarya"]
[Date "2022.03.25"]
[Round "1.31"]
[White "Erten, Batuhan"]
[Black "Gulsoy, Mustafa Alpago"]
[Result "0-1"]
[ECO "B08"]
[WhiteElo "1074"]
[BlackElo "2023"]
[Annotator "NA"]
[PlyCount "74"]
[EventDate "2022.03.25"]
[EventType "swiss"]
[EventCountry "TUR"]
[SourceTitle "playchess.com"]
[Source "ChessBase"]
[SourceQuality "1"]
[TimeControl "5400+30"]

1. e4 g6 2. d4 Bg7 3. Nf3 d6 4. Nc3 c6 5. a4 Nf6 6. Be2 O-O 7. O-O Qc7 8. Be3 Nbd7 9. h3 e5 10. Qd2 Re8 11. dxe5 dxe5 12. Rfd1 Nh5 13. Bc4 Nf8 14. Ng5 Ne6 15. Qd6 Qxd6 16. Rxd6 Bf8 17. Rd2 Nhf4 18. Bxf4 exf4 19. Nf3 Bb4 20. Ne5 g5 21. Rd3 Kg7 22. Na2 Bf8 23. Rd2 Nc5 24. Nxf7 Rxe4 25. b3 Rxc4 26. bxc4 Kxf7 27. Nc1 Bf5 28. Nb3 Nxb3 29. cxb3 Bb4 30. Re2 Rd8 31. Rc1 Rd3 32. Rb1 Rxh3 33. gxh3 Bxb1 34. Re5 h6 35. h4 Bc3 36. Rc5 Be4 37. hxg5 b6 0-1

[Event "Turkish Cup 2022"]
[Site "Sakarya"]
[Date "2022.03.25"]
[Round "1.33"]
[White "Ozmen, Sevket Mert"]
[Black "Koc, Ilkay"]
[Result "0-1"]
[ECO "B01"]
[WhiteElo "1308"]
[BlackElo "1995"]
[Annotator "NA"]
[PlyCount "73"]
[EventDate "2022.03.25"]
[EventType "swiss"]
[EventCountry "TUR"]
[SourceTitle "playchess.com"]
[Source "ChessBase"]
[SourceQuality "1"]
[TimeControl "5400+30"]

1. e4 d5 2. exd5 Nf6 3. d4 Nxd5 4. Nf3 Bf5 5. c3 e6 6. Bg5 Be7 7. Bxe7 Qxe7 8. Bd3 Nf4 9. Bxf5 exf5+ 10. Kf1 O-O 11. g3 Nd5 12. Kg2 Nc6 13. Re1 Qd7 14. Nbd2 Nf6 15. Qc2 g6 16. Re2 Rfe8 17. Rae1 Kg7 18. Ne5 Qd5+ 19. f3 Qxa2 20. Nxc6 Rxe2+ 21. Rxe2 Qa6 22. c4 Qxc6 23. Qc3 Re8 24. Rxe8 Qxe8 25. Kf2 c6 26. d5 cxd5 27. cxd5 Qd7 28. g4 fxg4 29. Ne4 Qf5 30. d6 Qxf3+ 31. Qxf3 gxf3 32. Nc5 Kf8 33. Kxf3 b6 34. Nd3 Nd7 35. Ke4 Nc5+ 36. Kd5 Ke8 37. Kd4 0-1

[Event "Turkish Cup 2022"]
[Site "Sakarya"]
[Date "2022.03.25"]
[Round "1.34"]
[White "Sahin, Handenur"]
[Black "Ozcan, Ege"]
[Result "1/2-1/2"]
[ECO "C84"]
[WhiteElo "1997"]
[BlackElo "1304"]
[Annotator "NA"]
[PlyCount "91"]
[EventDate "2022.03.25"]
[EventType "swiss"]
[EventCountry "TUR"]
[SourceTitle "playchess.com"]
[Source "ChessBase"]
[SourceQuality "1"]
[TimeControl "5400+30"]

1. e4 e5 2. Nf3 Nc6 3. Bb5 a6 4. Ba4 Nf6 5. d3 b5 6. Bb3 Be7 7. Nc3 d6 8. a3 O-O 9. O-O Bb7 10. Re1 h6 11. h3 Re8 12. Ba2 Bf8 13. Nh4 Qd7 14. Nf5 Nd4 15. Ne3 c6 16. Ne2 g6 17. Ng3 Rad8 18. c3 Ne6 19. Ng4 Nxg4 20. Qxg4 Kh7 21. h4 Nc5 22. Qf3 Kg7 23. h5 d5 24. hxg6 fxg6 25. b4 Na4 26. Bd2 Qc7 27. Qg4 Kh7 28. Re2 Bc8 29. Qf3 Bg7 30. exd5 cxd5 31. Bxd5 Rf8 32. Qe4 Nxc3 33. Bxc3 Qxc3 34. Rd1 Rf4 35. Qe3 Rxd5 36. Rc1 Qxd3 37. Rxc8 Qxe3 38. Rxe3 Rc4 39. Rxc4 bxc4 40. Rc3 Rd1+ 41. Nf1 Ra1 42. Rxc4 Rxa3 43. Ne3 Rd3 44. Rc6 Rd4 45. Nc4 h5 46. Ne3 1/2-1/2

[Event "Turkish Cup 2022"]
[Site "Sakarya"]
[Date "2022.03.25"]
[Round "1.35"]
[White "Iyican, Sude"]
[Black "Temizer, Umut"]
[Result "0-1"]
[ECO "E48"]
[WhiteElo "1144"]
[BlackElo "1972"]
[Annotator "NA"]
[PlyCount "66"]
[EventDate "2022.03.25"]
[EventType "swiss"]
[EventCountry "TUR"]
[SourceTitle "playchess.com"]
[Source "ChessBase"]
[SourceQuality "1"]
[TimeControl "5400+30"]

1. d4 Nf6 2. c4 e6 3. Nc3 Bb4 4. e3 O-O 5. Bd3 d5 6. cxd5 exd5 7. Nge2 c5 8. O-O Nc6 9. a3 Ba5 10. dxc5 Bc7 11. Nd4 Qe7 12. b4 Ne5 13. Be2 Rd8 14. Qb3 Neg4 15. h3 Qe5 16. f4 Qh5 17. hxg4 Bxg4 18. Nf3 a6 19. Qb2 Re8 20. Nh2 Bxe2 21. Qxe2 Qf5 22. Qf2 h5 23. Rd1 Re6 24. Qf3 Rd8 25. Qe2 Bxf4 26. Qd3 Bxh2+ 27. Kxh2 Ng4+ 28. Kg1 Qf2+ 29. Kh1 Qh4+ 30. Kg1 Qh2+ 31. Kf1 Qh1+ 32. Ke2 Qxg2+ 33. Ke1 Qf2# 0-1

[Event "Turkish Cup 2022"]
[Site "Sakarya"]
[Date "2022.03.25"]
[Round "1.36"]
[White "Maruflu, Enes Yusuf"]
[Black "Evin, Abdulkerim"]
[Result "1-0"]
[ECO "A34"]
[WhiteElo "1945"]
[BlackElo "1359"]
[Annotator "NA"]
[PlyCount "69"]
[EventDate "2022.03.25"]
[EventType "swiss"]
[EventCountry "TUR"]
[SourceTitle "playchess.com"]
[Source "ChessBase"]
[SourceQuality "1"]
[TimeControl "5400+30"]

1. Nf3 Nf6 2. c4 c5 3. Nc3 Nc6 4. e3 e5 5. d3 Be7 6. g3 d6 7. Bg2 Bd7 8. O-O O-O 9. b3 Qc8 10. Bb2 Bg4 11. Qb1 Bh3 12. Ne4 Bxg2 13. Kxg2 Nxe4 14. dxe4 f5 15. exf5 Qxf5 16. Qxf5 Rxf5 17. Bc3 a5 18. a4 Raf8 19. Nd2 b6 20. Rad1 Na7 21. Ne4 Nc8 22. Rd5 Rd8 23. Rfd1 Kf7 24. g4 g6 25. gxf5 gxf5 26. Ng3 Rg8 27. f4 h5 28. Kf2 exf4 29. exf4 h4 30. Nxf5 Rg6 31. Nxe7 Kxe7 32. f5 Rg8 33. f6+ Kf7 34. Re1 h3 35. Rg1 1-0

[Event "Turkish Cup 2022"]
[Site "Sakarya"]
[Date "2022.03.25"]
[Round "1.37"]
[White "Akgun, Yusuf"]
[Black "Yasin, Hur"]
[Result "0-1"]
[ECO "B04"]
[WhiteElo "1561"]
[BlackElo "1931"]
[Annotator "NA"]
[PlyCount "80"]
[EventDate "2022.03.25"]
[EventType "swiss"]
[EventCountry "TUR"]
[SourceTitle "playchess.com"]
[Source "ChessBase"]
[SourceQuality "1"]
[TimeControl "5400+30"]

1. e4 Nf6 2. e5 Nd5 3. d4 d6 4. c4 Nb6 5. exd6 cxd6 6. Nf3 g6 7. b3 Bg7 8. Bb2 Bg4 9. Be2 Nc6 10. Nbd2 O-O 11. O-O d5 12. h3 Bf5 13. a3 dxc4 14. Nxc4 Nd5 15. Re1 Rc8 16. Bd3 Bxd3 17. Qxd3 e6 18. Rad1 Qc7 19. Qe4 Na5 20. Nxa5 Qxa5 21. Ne5 Qb5 22. Qf3 Rc2 23. Nc4 Qc6 24. Qe4 Rxb2 25. Nxb2 Qc3 26. Nc4 Qxb3 27. Qd3 Qa4 28. Ne3 Rd8 29. g3 Ne7 30. Rb1 Rxd4 31. Qb3 b6 32. Rec1 Qd7 33. Rd1 Nc6 34. Rxd4 Nxd4 35. Qb4 Bf8 36. Qb2 Bc5 37. h4 Qb7 38. Ng4 Qf3 39. Ne5 Ne2+ 40. Kf1 Qxf2# 0-1

[Event "Turkish Cup 2022"]
[Site "Sakarya"]
[Date "2022.03.25"]
[Round "1.38"]
[White "Daghan, Devran"]
[Black "Efetaskin, Can"]
[Result "1-0"]
[ECO "D02"]
[WhiteElo "1985"]
[BlackElo "1204"]
[Annotator "NA"]
[PlyCount "69"]
[EventDate "2022.03.25"]
[EventType "swiss"]
[EventCountry "TUR"]
[SourceTitle "playchess.com"]
[Source "ChessBase"]
[SourceQuality "1"]
[TimeControl "5400+30"]

1. d4 d5 2. e3 Nf6 3. Bd3 Nc6 4. Nf3 Bg4 5. Bb5 e6 6. h3 Bxf3 7. Qxf3 Bd6 8. c4 Bb4+ 9. Bd2 O-O 10. a3 Bxd2+ 11. Nxd2 Ne7 12. cxd5 Qxd5 13. Qxd5 exd5 14. Rc1 c6 15. Bd3 Ng6 16. O-O a5 17. a4 Nd7 18. Nb3 Ne7 19. Rfe1 Nc8 20. e4 dxe4 21. Rxe4 Ncb6 22. Re7 Rfd8 23. Nc5 Nxc5 24. dxc5 Rxd3 25. cxb6 Rb8 26. Rc3 Rd4 27. Rf3 f6 28. Rg3 g6 29. Rge3 Rb4 30. Rd7 Rxb6 31. Ree7 Rxb2 32. Rg7+ Kf8 33. Rdf7+ Ke8 34. Rxh7 c5 35. Rc7 1-0

[Event "Turkish Cup 2022"]
[Site "Sakarya"]
[Date "2022.03.25"]
[Round "1.39"]
[White "Bektasoglu, Ali"]
[Black "Ozcan, Ilker"]
[Result "1/2-1/2"]
[ECO "B32"]
[WhiteElo "1224"]
[BlackElo "2014"]
[Annotator "NA"]
[PlyCount "77"]
[EventDate "2022.03.25"]
[EventType "swiss"]
[EventCountry "TUR"]
[SourceTitle "playchess.com"]
[Source "ChessBase"]
[SourceQuality "1"]
[TimeControl "5400+30"]

1. e4 c5 2. Nf3 Nc6 3. d4 cxd4 4. Nxd4 Qb6 5. Nxc6 bxc6 6. g3 Nf6 7. Bg2 Ba6 8. Nc3 e5 9. Rb1 Bc5 10. Qf3 Bd4 11. Ne2 Qa5+ 12. Bd2 Qxa2 13. O-O Bxe2 14. Qxe2 O-O 15. c3 Bb6 16. Bh3 d5 17. exd5 cxd5 18. Bg2 e4 19. Bg5 Bd8 20. Qb5 Qa5 21. Qxa5 Bxa5 22. Bxf6 gxf6 23. Rbd1 Rad8 24. Rd2 Bb6 25. Kh1 Rfe8 26. Rfd1 Re5 27. b4 Rc8 28. Rxd5 Rxc3 29. Rxe5 fxe5 30. Bxe4 Rc4 31. f3 Rxb4 32. Rd5 a5 33. Rxe5 Kg7 34. Bc6 Kf6 35. Rb5 Rxb5 36. Bxb5 Ke5 37. Be8 f6 38. Kg2 Kd5 39. f4 1/2-1/2

[Event "Turkish Cup 2022"]
[Site "Sakarya"]
[Date "2022.03.25"]
[Round "1.40"]
[White "Akin, Kadir"]
[Black "Odabasi, Nail"]
[Result "1-0"]
[ECO "B01"]
[WhiteElo "1964"]
[BlackElo "1448"]
[Annotator "NA"]
[PlyCount "41"]
[EventDate "2022.03.25"]
[EventType "swiss"]
[EventCountry "TUR"]
[SourceTitle "playchess.com"]
[Source "ChessBase"]
[SourceQuality "1"]
[TimeControl "5400+30"]

1. e4 d5 2. Nf3 dxe4 3. Ng5 Nf6 4. Nc3 Bg4 5. Be2 Bf5 6. Bc4 e6 7. f3 exf3 8. Qxf3 Nc6 9. Nxf7 Kxf7 10. Qxf5 Nd4 11. Qd3 c6 12. Ne4 Nxe4 13. Qxe4 Qd6 14. c3 b5 15. O-O+ Ke8 16. Bd3 Rd8 17. Qg6+ Kd7 18. Qg4 Nb3 19. axb3 Qxd3 20. Rf7+ Kc8 21. Qxe6+ 1-0

[Event "Turkish Cup 2022"]
[Site "Sakarya"]
[Date "2022.03.25"]
[Round "1.41"]
[White "Ersoz, Celalettin"]
[Black "Ibik, Halit Yavuz"]
[Result "0-1"]
[ECO "D35"]
[WhiteElo "1279"]
[BlackElo "1996"]
[Annotator "ChessBase"]
[PlyCount "34"]
[EventDate "2022.03.25"]
[EventType "swiss"]
[EventCountry "TUR"]
[SourceTitle "playchess.com"]
[Source "ChessBase"]
[SourceQuality "1"]
[TimeControl "5400+30"]

1. d4 d5 2. c4 e6 3. Nf3 Nf6 4. Nc3 c6 5. cxd5 exd5 6. h3 Bd6 7. e3 O-O 8. Bd3 Re8 9. O-O Ne4 10. Qc2 f5 11. a3 Nd7 12. b4 Qf6 13. Rb1 g5 14. Bxe4 fxe4 15. Nd2 g4 16. g3 gxh3 17. Nb3 Qf3 0-1

[Event "Turkish Cup 2022"]
[Site "Sakarya"]
[Date "2022.03.25"]
[Round "1.42"]
[White "Demirag, Batuhan"]
[Black "Colak, Mehmet"]
[Result "1-0"]
[ECO "B38"]
[WhiteElo "1923"]
[BlackElo "1389"]
[Annotator "ChessBase"]
[PlyCount "55"]
[EventDate "2022.03.25"]
[EventType "swiss"]
[EventCountry "TUR"]
[SourceTitle "playchess.com"]
[Source "ChessBase"]
[SourceQuality "1"]
[TimeControl "5400+30"]

1. Nf3 c5 2. c4 Nc6 3. d4 cxd4 4. Nxd4 g6 5. e4 Bg7 6. Be3 Nf6 7. Nc3 a6 8. Be2 e6 9. Nxc6 bxc6 10. e5 Ng8 11. f4 Ne7 12. O-O O-O 13. Bc5 Re8 14. Ne4 Nf5 15. g4 Ne7 16. Nd6 Rf8 17. Qb3 Qc7 18. Qe3 Rb8 19. b4 Qd8 20. a3 f6 21. Ba7 Rb7 22. Nxb7 Bxb7 23. Bc5 Re8 24. Rad1 Bc8 25. Bb6 d5 26. Bxd8 Rxd8 27. b5 axb5 28. cxb5 1-0

[Event "Turkish Cup 2022"]
[Site "Sakarya"]
[Date "2022.03.25"]
[Round "1.43"]
[White "Ucan, Hakan"]
[Black "Kavri, Yusuf Eren"]
[Result "0-1"]
[ECO "D00"]
[WhiteElo "1375"]
[BlackElo "1886"]
[Annotator "NA"]
[PlyCount "72"]
[EventDate "2022.03.25"]
[EventType "swiss"]
[EventCountry "TUR"]
[SourceTitle "playchess.com"]
[Source "ChessBase"]
[SourceQuality "1"]
[TimeControl "5400+30"]

1. d4 Nf6 2. Bf4 d5 3. e3 c5 4. c3 Nc6 5. Nd2 Bf5 6. Qb3 Qd7 7. Ngf3 c4 8. Qd1 e6 9. Be2 h6 10. O-O Bd6 11. Ne5 Qc7 12. Ndf3 O-O 13. Bg3 Ne4 14. Nxc6 Nxg3 15. Ne7+ Bxe7 16. hxg3 b5 17. a3 a5 18. b4 Ra6 19. Qd2 Rfa8 20. Qb2 Qa7 21. Rad1 axb4 22. axb4 Ra2 23. Qc1 Rxe2 24. Ne5 Bd6 25. Nc6 Qa2 26. Qa1 Rxf2 27. Qxa2 Rfxa2 28. Na5 Bxg3 29. Ra1 Bf2+ 30. Kh1 Rb2 31. Ra3 Be4 32. Rfa1 Bg3 33. R3a2 Bxg2+ 34. Kg1 Rxa2 35. Rxa2 Be4 36. Kf1 h5 0-1

[Event "Turkish Cup 2022"]
[Site "Sakarya"]
[Date "2022.03.25"]
[Round "1.44"]
[White "Canbulan, Arda"]
[Black "Isik, Ege"]
[Result "1-0"]
[ECO "B22"]
[WhiteElo "1867"]
[BlackElo "1214"]
[Annotator "NA"]
[PlyCount "103"]
[EventDate "2022.03.25"]
[EventType "swiss"]
[EventCountry "TUR"]
[SourceTitle "playchess.com"]
[Source "ChessBase"]
[SourceQuality "1"]
[TimeControl "5400+30"]

1. e4 c5 2. c3 d5 3. exd5 Qxd5 4. d4 Nc6 5. Nf3 Bg4 6. Be2 e6 7. h3 Bh5 8. O-O Nf6 9. Be3 cxd4 10. cxd4 Be7 11. Nc3 Qd7 12. Qb3 O-O 13. Rfd1 Rfd8 14. Ne5 Qc7 15. Nb5 Qb8 16. g4 Bg6 17. Bf4 Nxe5 18. Bxe5 Qc8 19. Rac1 Qd7 20. Nc7 a6 21. Nxa8 Rxa8 22. Rc7 Qe8 23. Bf3 Rd8 24. Qxb7 Bd6 25. Bxd6 Rxd6 26. Rc8 Rd8 27. Rxd8 Qxd8 28. Rc1 Qf8 29. Rc8 Ne8 30. Bc6 f6 31. Qd7 Bf7 32. Rxe8 Bxe8 33. Qxe8 Qxe8 34. Bxe8 Kf8 35. Bc6 Ke7 36. b4 Kd6 37. Bb7 Kc7 38. Bxa6 Kd6 39. Bc4 e5 40. dxe5+ fxe5 41. f3 g5 42. a4 Kc6 43. Kf2 Kb6 44. Ke3 Kc6 45. Ke4 Kd6 46. a5 h6 47. a6 Kc7 48. Kxe5 Kb6 49. Kd6 Ka7 50. Kc7 Ka8 51. b5 Ka7 52. b6+ 1-0

[Event "Turkish Cup 2022"]
[Site "Sakarya"]
[Date "2022.03.25"]
[Round "1.46"]
[White "Kocakaplan, Emre"]
[Black "Akdemir, Hamza Efe"]
[Result "1-0"]
[ECO "A29"]
[WhiteElo "1846"]
[BlackElo "1277"]
[Annotator "NA"]
[PlyCount "69"]
[EventDate "2022.03.25"]
[EventType "swiss"]
[EventCountry "TUR"]
[SourceTitle "playchess.com"]
[Source "ChessBase"]
[SourceQuality "1"]
[TimeControl "5400+30"]

1. c4 e5 2. Nc3 Nf6 3. Nf3 Nc6 4. g3 d5 5. cxd5 Nxd5 6. Bg2 Nb6 7. O-O Be7 8. a3 O-O 9. b4 f6 10. d3 Be6 11. Rb1 Qc8 12. Bb2 Bh3 13. Ne4 Bxg2 14. Kxg2 Rd8 15. Qb3+ Kh8 16. Rfc1 a5 17. b5 Nd4 18. Nxd4 exd4 19. Qc2 Nd5 20. Qd2 Qd7 21. Nc5 Bxc5 22. Rxc5 b6 23. Rcc1 Ne7 24. a4 Rac8 25. Rc4 Qd5+ 26. Kg1 Nf5 27. Rbc1 Rd7 28. Qf4 g5 29. Qe4 Qxe4 30. dxe4 Nd6 31. Rxd4 Re8 32. f3 Kg7 33. Rd5 h5 34. Rxg5+ Kh6 35. Rd5 1-0

[Event "Turkish Cup 2022"]
[Site "Sakarya"]
[Date "2022.03.25"]
[Round "1.47"]
[White "Tokan, Melih"]
[Black "Isik, Kadri"]
[Result "0-1"]
[ECO "B95"]
[WhiteElo "1321"]
[BlackElo "1858"]
[Annotator "NA"]
[PlyCount "48"]
[EventDate "2022.03.25"]
[EventType "swiss"]
[EventCountry "TUR"]
[SourceTitle "playchess.com"]
[Source "ChessBase"]
[SourceQuality "1"]
[TimeControl "5400+30"]

1. e4 c5 2. Nf3 d6 3. d4 cxd4 4. Nxd4 Nf6 5. Nc3 a6 6. Bg5 e6 7. f4 Nbd7 8. Qd2 Qc7 9. O-O-O b5 10. Bxf6 gxf6 11. f5 Nc5 12. fxe6 fxe6 13. Qe2 h5 14. Qf3 b4 15. Qxf6 Rh6 16. Ncb5 axb5 17. Nxb5 Qd8 18. Nxd6+ Qxd6 19. Rxd6 Rxf6 20. Rb6 Nxe4 21. Be2 Bh6+ 22. Kb1 Nd2+ 23. Ka1 Rf5 24. Rxb4 Rxa2+ 0-1

[Event "Turkish Cup 2022"]
[Site "Sakarya"]
[Date "2022.03.26"]
[Round "2.11"]
[White "Yaran, Siar"]
[Black "Ercan, Mehmet Fahri"]
[Result "1-0"]
[ECO "A18"]
[WhiteElo "2272"]
[BlackElo "1775"]
[Annotator "ChessBase"]
[PlyCount "77"]
[EventDate "2022.03.25"]
[EventType "swiss"]
[EventCountry "TUR"]
[SourceTitle "playchess.com"]
[Source "ChessBase"]
[SourceQuality "1"]
[TimeControl "5400+30"]

1. c4 e6 2. Nc3 Nf6 3. e4 d5 4. e5 d4 5. exf6 dxc3 6. bxc3 Qxf6 7. d4 c5 8. Nf3 h6 9. Bd3 cxd4 10. cxd4 Bb4+ 11. Bd2 Bxd2+ 12. Qxd2 Nc6 13. Be4 O-O 14. O-O Rd8 15. Bxc6 bxc6 16. Qe3 Bb7 17. Rab1 Rd7 18. Ne5 Rc7 19. c5 Qf5 20. Nc4 Qd5 21. Nd6 Bc8 22. Rb2 Rd7 23. Re1 Ba6 24. h3 Rad8 25. Rd2 Bc8 26. Qf4 f6 27. Qe4 Qxe4 28. Rxe4 Re7 29. f4 g6 30. Rde2 Bd7 31. Rb2 Be8 32. f5 gxf5 33. Nxf5 Rh7 34. Rxe6 Bd7 35. Rd6 Re8 36. Rf2 Re6 37. Nxh6+ Kf8 38. Rxf6+ Ke7 39. Ng8+ 1-0

[Event "Turkish Cup 2022"]
[Site "Sakarya"]
[Date "2022.03.26"]
[Round "2.12"]
[White "Gur, Tuba"]
[Black "Danaci, Ege"]
[Result "1-0"]
[ECO "D05"]
[WhiteElo "1750"]
[BlackElo "2264"]
[Annotator "ChessBase"]
[PlyCount "61"]
[EventDate "2022.03.25"]
[EventType "swiss"]
[EventCountry "TUR"]
[SourceTitle "playchess.com"]
[Source "ChessBase"]
[SourceQuality "1"]
[TimeControl "5400+30"]

1. d4 Nf6 2. Nf3 e6 3. e3 d5 4. Bd3 c5 5. b3 Nc6 6. a3 Bd6 7. Bb2 Qc7 8. Nbd2 Bd7 9. dxc5 Bxc5 10. c4 Be7 11. Rc1 Rc8 12. O-O Qb8 13. e4 dxc4 14. Nxc4 O-O 15. Nfe5 b5 16. Nxd7 Nxd7 17. Ne3 Nce5 18. Rxc8 Rxc8 19. Bb1 Nc5 20. f4 Nc6 21. Qg4 Bf8 22. f5 Ne5 23. Qh5 Bd6 24. fxe6 fxe6 25. b4 Ncd7 26. Ba2 Nf8 27. Nf5 Neg6 28. Nxg7 Qb6+ 29. Kh1 Rc4 30. Ne8 Be7 31. Qh6 1-0

[Event "Turkish Cup 2022"]
[Site "Sakarya"]
[Date "2022.03.26"]
[Round "2.13"]
[White "Kirilmaz, Emre"]
[Black "Tocoglu, Onur"]
[Result "1-0"]
[ECO "D00"]
[WhiteElo "2229"]
[BlackElo "1798"]
[Annotator "ChessBase"]
[PlyCount "73"]
[EventDate "2022.03.25"]
[EventType "swiss"]
[EventCountry "TUR"]
[SourceTitle "playchess.com"]
[Source "ChessBase"]
[SourceQuality "1"]
[TimeControl "5400+30"]

1. d4 Nf6 2. c3 d5 3. Bg5 Ne4 4. Bf4 c5 5. f3 Nf6 6. dxc5 a5 7. b4 axb4 8. cxb4 Nc6 9. Bd2 b6 10. b5 Na5 11. c6 e5 12. e3 Bc5 13. Nc3 d4 14. Na4 Bd6 15. Bd3 Be6 16. exd4 exd4 17. Ne2 Nc4 18. Bc1 Ne5 19. Nb2 Bb4+ 20. Kf2 O-O 21. Bf4 Qd5 22. a4 Bc3 23. Rb1 Bxb2 24. Rxb2 Nxd3+ 25. Qxd3 Rxa4 26. Rd1 Bf5 27. Qd2 d3 28. Nc3 Qd4+ 29. Be3 Qh4+ 30. Kg1 Rc4 31. Bxb6 Re8 32. Bf2 Qh5 33. b6 Rxc6 34. b7 Nd7 35. Bg3 Nb8 36. Bxb8 Rxb8 37. Qf4 1-0

[Event "Turkish Cup 2022"]
[Site "Sakarya"]
[Date "2022.03.26"]
[Round "2.14"]
[White "Sezis, Doruk"]
[Black "Kilic, Efe Mert"]
[Result "1/2-1/2"]
[ECO "A29"]
[WhiteElo "1566"]
[BlackElo "2220"]
[Annotator "ChessBase"]
[PlyCount "74"]
[EventDate "2022.03.25"]
[EventType "swiss"]
[EventCountry "TUR"]
[SourceTitle "playchess.com"]
[Source "ChessBase"]
[SourceQuality "1"]
[TimeControl "5400+30"]

1. c4 e5 2. Nc3 Nf6 3. g3 d5 4. cxd5 Nxd5 5. Bg2 Nb6 6. Nf3 Nc6 7. O-O Be7 8. Rb1 f6 9. d3 Be6 10. Be3 Nd4 11. b4 c6 12. a4 O-O 13. Bxd4 exd4 14. Ne4 Rb8 15. Qc2 Bf7 16. Nc5 Re8 17. Rfc1 Nd7 18. Qb2 Bxc5 19. bxc5 b6 20. cxb6 Rxb6 21. Qxd4 c5 22. Qc3 Rxe2 23. d4 Qf8 24. Rb5 c4 25. Bf1 Ra2 26. Bxc4 Rxa4 27. Bxf7+ Qxf7 28. Qc8+ Nf8 29. Rxb6 axb6 30. Qc6 Qb3 31. d5 b5 32. d6 Qd3 33. Re1 Ra3 34. Kg2 Rc3 35. Qb7 Qxd6 36. Re7 Ne6 37. Qa8+ Nf8 1/2-1/2

[Event "Turkish Cup 2022"]
[Site "Sakarya"]
[Date "2022.03.26"]
[Round "2.15"]
[White "Gulbeyaz, Emir"]
[Black "Camdereli, Gunduz"]
[Result "1-0"]
[ECO "D80"]
[WhiteElo "2218"]
[BlackElo "1737"]
[Annotator "ChessBase"]
[PlyCount "41"]
[EventDate "2022.03.25"]
[EventType "swiss"]
[EventCountry "TUR"]
[SourceTitle "playchess.com"]
[Source "ChessBase"]
[SourceQuality "1"]
[TimeControl "5400+30"]

1. d4 Nf6 2. c4 g6 3. Nc3 d5 4. h4 Bg7 5. h5 Ne4 6. Nxd5 e6 7. Nc3 Nxc3 8. bxc3 c5 9. Nf3 Nc6 10. e3 O-O 11. Be2 e5 12. d5 e4 13. Nd2 Bxc3 14. Rb1 Ne5 15. Qc2 Qf6 16. Rb3 Ba5 17. Bb2 Bf5 18. g4 Nd3+ 19. Bxd3 exd3 20. Qd1 Bxg4 21. Bxf6 1-0

[Event "Turkish Cup 2022"]
[Site "Sakarya"]
[Date "2022.03.26"]
[Round "2.16"]
[White "Colak, Tugay"]
[Black "Yazici, Ugur Doga"]
[Result "0-1"]
[ECO "E38"]
[WhiteElo "1701"]
[BlackElo "2195"]
[Annotator "ChessBase"]
[PlyCount "91"]
[EventDate "2022.03.25"]
[EventType "swiss"]
[EventCountry "TUR"]
[SourceTitle "playchess.com"]
[Source "ChessBase"]
[SourceQuality "1"]
[TimeControl "5400+30"]

1. d4 e6 2. c4 Nf6 3. Nc3 Bb4 4. Qc2 O-O 5. Nf3 d5 6. e3 c5 7. dxc5 Nc6 8. a3 Bxc3+ 9. Qxc3 Ne4 10. Qc2 Qa5+ 11. Bd2 Qxc5 12. b4 Qd6 13. Bd3 Nxd2 14. Nxd2 h6 15. O-O Bd7 16. c5 Qc7 17. e4 Qf4 18. Nb3 Ne5 19. exd5 exd5 20. Be2 Ba4 21. Qd2 Qxd2 22. Nxd2 Nc6 23. Nf3 a6 24. Rfe1 Rfe8 25. Bd3 g6 26. Kf1 Kg7 27. Rxe8 Rxe8 28. Re1 Re6 29. Re3 Kf6 30. Ke2 g5 31. h3 h5 32. g4 Rxe3+ 33. Kxe3 hxg4 34. hxg4 Ne5 35. Nxe5 Kxe5 36. Bf5 d4+ 37. Kd2 Bc6 38. Bc8 Kd5 39. Kd3 a5 40. bxa5 Bb5+ 41. Kd2 Ba6 42. Bf5 Kxc5 43. Bd3 Bxd3 44. Kxd3 Kd5 45. a4 Kc5 46. f3 0-1

[Event "Turkish Cup 2022"]
[Site "Sakarya"]
[Date "2022.03.26"]
[Round "2.18"]
[White "Buyuk, Eymen Eren"]
[Black "Zor, Alber Kadir"]
[Result "0-1"]
[ECO "D36"]
[WhiteElo "1526"]
[BlackElo "2147"]
[Annotator "ChessBase"]
[PlyCount "88"]
[EventDate "2022.03.25"]
[EventType "swiss"]
[EventCountry "TUR"]
[SourceTitle "playchess.com"]
[Source "ChessBase"]
[SourceQuality "1"]
[TimeControl "5400+30"]

1. d4 d5 2. c4 e6 3. Nc3 Nf6 4. cxd5 exd5 5. Bg5 c6 6. e3 Be7 7. Qc2 h6 8. Bh4 O-O 9. Bd3 Re8 10. Nge2 Nbd7 11. O-O a5 12. Rad1 b5 13. f3 Ba6 14. Bf2 Bf8 15. Ng3 Nb6 16. e4 b4 17. Bxa6 Rxa6 18. Nce2 Nc4 19. e5 Nd7 20. b3 Na3 21. Qd3 Nb5 22. f4 a4 23. f5 axb3 24. axb3 Ra3 25. Be3 Nc3 26. Nxc3 Rxb3 27. f6 Rxc3 28. Qd2 Nxf6 29. Bxh6 Ne4 30. Nxe4 dxe4 31. Be3 Qd5 32. Qf2 Ra8 33. Rd2 b3 34. Qe1 Rc2 35. Rxc2 bxc2 36. Qd2 Ra2 37. Qe1 Qc4 38. e6 Qxe6 39. Bc1 Qd5 40. Kh1 Qxd4 41. Rf4 Ra1 42. Rxe4 Qxe4 43. Qxe4 Rxc1+ 44. Qe1 Rxe1# 0-1

[Event "Turkish Cup 2022"]
[Site "Sakarya"]
[Date "2022.03.26"]
[Round "2.19"]
[White "Bacak, Muhammed Kaan"]
[Black "Caliskan, Soner"]
[Result "0-1"]
[ECO "B23"]
[WhiteElo "2155"]
[BlackElo "1661"]
[Annotator "ChessBase"]
[PlyCount "58"]
[EventDate "2022.03.25"]
[EventType "swiss"]
[EventCountry "TUR"]
[SourceTitle "playchess.com"]
[Source "ChessBase"]
[SourceQuality "1"]
[TimeControl "5400+30"]

1. e4 c5 2. Nc3 Nc6 3. Bb5 d6 4. f4 a6 5. Bxc6+ bxc6 6. Nf3 Nf6 7. O-O g6 8. d3 Bg7 9. Qe1 Rb8 10. e5 Nd5 11. exd6 Nxc3 12. bxc3 Qxd6 13. Ne5 O-O 14. Ba3 Be6 15. Qe3 Rb5 16. c4 Ra5 17. Bb2 Rb8 18. Qc1 Bh6 19. a4 f6 20. Bc3 Rb4 21. Bxb4 cxb4 22. Nf3 Bxf4 23. Qe1 Bg4 24. Qf2 Bxf3 25. g3 Be5 26. Qxf3 Bxa1 27. Rxa1 Qd4+ 28. Kg2 Qxa1 29. Qxc6 Qxa4 0-1